 Dungeon Crawl Stone Soup version 0.26.1-2-gb8aa6d0cf2 (webtiles) character file.

Game seed: 9421702085584866590

687 nightchill the Grasshopper (level 7, -2/56 HPs)
             Began as a Gnoll Warper on Mar 3, 2021.
             Was a Follower of Cheibriados.
             Shot with an arrow by a centaur (5 damage)
             ... on level 5 of the Dungeon.
             The game lasted 00:15:46 (6440 turns).

nightchill the Grasshopper (Gnoll Warper)           Turns: 6440, Time: 00:15:47

Health: -2/56      AC: 10    Str: 15    XL:     7   Next: 62%
Magic:  21/24      EV: 15    Int: 19    God:    Cheibriados [*.....]
Gold:   193        SH:  0    Dex: 17    Spells: 9/17 levels left

rFire    . . .     SeeInvis .   a - +2 short sword (venom)
rCold    . . .     Faith    .   (no shield)
rNeg     . . .     Spirit   .   q - +0 leather armour
rPois    .         Reflect  .   F - +1 helmet
rElec    .         Harm     .   g - +0 cloak
rCorr    .         Rampage  .   (no gloves)
Will     .....                  (no boots)
Stlth    ++........             (no amulet)
HPRegen  0.18/turn              u - ring of magical power
MPRegen  0.19/turn              z - +4 ring of protection

@: very slow
A: distributed training, fangs 1, strong nose
a: Renounce Religion, Bend Time


You were on level 5 of the Dungeon.
You worshipped Cheibriados.
Cheibriados was aware of your devotion.
You visited 1 branch of the dungeon, and saw 5 of its levels.
You also visited: Sewer.

You collected 193 gold pieces.

Inventory:

Hand Weapons
 a - a +2 short sword of venom (weapon)
 b - a +0 hunting sling
 w - the +6 mace of Law {antimagic, rC+ SInv}
   (You found it on level 4 of the Dungeon)

   It reduces the magical energy of the wielder, and disrupts the spells and
   magical abilities of those hit.
   Natural abilities and divine invocations are not affected.
   It protects you from cold.
   It lets you see invisible.
 E - a +2 war axe of electrocution
Missiles
 c - 134 stones
 e - 5 boomerangs of dispersal (quivered)
 f - 90 sling bullets
Armour
 g - a +0 cloak (worn)
 j - a +0 scale mail
 q - a +0 leather armour (worn)
 F - a +1 helmet (worn)
Magical Staves
 n - an uncursed staff of conjuration
 v - an uncursed staff of death {unknown}
Jewellery
 h - an uncursed ring of flight {unknown}
 u - a ring of magical power (left hand)
 z - a +4 ring of protection (right hand)
Wands
 y - a wand of iceblast (8)
Scrolls
 d - 3 scrolls of blinking
 o - 4 scrolls of immolation
 p - a scroll of teleportation {unknown}
 r - a scroll of amnesia {unknown}
 s - 3 scrolls of remove curse
 x - 3 scrolls of magic mapping {unknown}
 C - a scroll of enchant weapon {unknown}
 D - a scroll of fear {unknown}
Potions
 i - 7 potions of curing
 k - a potion of degeneration
 l - 2 potions of might
 m - a potion of mutation
 t - a potion of haste
 A - a potion of invisibility
 B - a potion of cancellation {unknown}


   Skills:
 + Level 5.3 Fighting
 + Level 2.6 Short Blades
 + Level 2.6 Long Blades
 + Level 2.6 Axes
 + Level 5.3 Maces & Flails
 + Level 2.6 Polearms
 + Level 2.6 Staves
 + Level 2.6 Slings
 + Level 2.6 Bows
 + Level 2.6 Crossbows
 + Level 3.7 Throwing
 + Level 3.7 Armour
 + Level 5.3 Dodging
 + Level 2.6 Stealth
 + Level 2.6 Shields
 + Level 2.6 Unarmed Combat
 + Level 5.7 Spellcasting
 + Level 2.1 Conjurations
 + Level 2.1 Hexes
 + Level 2.1 Summonings
 + Level 2.1 Necromancy
 + Level 5.9 Translocations
 + Level 2.1 Transmutations
 + Level 2.1 Fire Magic
 + Level 2.1 Ice Magic
 + Level 2.1 Air Magic
 + Level 2.1 Earth Magic
 + Level 2.1 Poison Magic
 + Level 2.9 Invocations
 + Level 2.6 Evocations


You had 9 spell levels left.
You knew the following spells:

 Your Spells              Type           Power        Failure   Level
a - Blink                 Tloc           N/A          1%          2
b - Teleport Other        Tloc           27%          3%          3
c - Lesser Beckoning      Tloc           13%          3%          3

Your spell library contained the following spells:

 Spells                   Type           Power        Failure   Level
 Gell's Gravitas          Tloc           13%          3%          3
 Passage of Golubria      Tloc           N/A          12%         4


Dungeon Overview and Level Annotations

Branches:
Dungeon (5/15)              Sewer (visited)
 Temple: D:4-7

Altars:
Cheibriados
Fedhas

Annotations:
D:3 exclusion: downstairs


Innate Abilities, Weirdness & Mutations

Your experience applies equally to all skills.
You have very sharp teeth.
Your uncanny sense of smell can sniff out nearby items.


Message History

* * * LOW HITPOINT WARNING * * *
Casting: Teleport Other (dangerous; 3% risk of failure)
Confirm with . or Enter, or press ? or * to list all spells.
Okay, then.
Things that are here:
a +0 shortbow; 11 arrows The gnoll sergeant hits you from afar with a +0 spear.
* * * LOW HITPOINT WARNING * * *
The gnoll sergeant barely misses you.
The centaur shoots an arrow.
The arrow hits you but does no damage.
You see here an arrow.
The centaur shoots an arrow.
The arrow hits you.
* * * LOW HITPOINT WARNING * * *
The centaur shoots an arrow.
The arrow hits you!
* * * LOW HITPOINT WARNING * * *
The gnoll sergeant barely misses you.
There is a stone staircase leading down, spattered with blood here.
You see here 2 arrows.
The centaur shoots an arrow.
The arrow hits you.
You die...

##.#####
#)###### ....
#.#....# ......
#g#.##.#
.......
#)#.##.#
........
#S#.##.# #.....
#g#.##.#
#g#.##.#
########(#.##.#
...c...@......#
####.###.#.####
#(#.# #.#.#
#.#.# #.#.#
#.#.# #.#.# #.#


You could see a gnoll sergeant, a centaur, 2 gnolls and a ball python.

Vanquished Creatures
  A centaur (D:5)
  2 bullfrogs (Sewer)
  A scorpion (D:4)
  A hound (D:5)
  2 orc wizards (D:4)
  A jelly (D:5)
  3 worker ants (D:4)
  Robin (D:4)
  3 gnolls
  8 adders
  A shadow imp (D:5)
  An ufetubus (D:3)
  An ooze (D:1)
  5 worms
  3 dart slugs
  3 leopard geckos
  4 orcs
  9 giant cockroaches
  10 goblins
  6 hobgoblins
  6 jackals
  3 quokkas
  3 ball pythons (Sewer)
  4 bats
  7 frilled lizards
  8 kobolds
  A leopard gecko skeleton (D:4)
  5 rats
103 creatures vanquished.

Notes
Turn   | Place    | Note
-------+----------+-------------------------------------------
     0 | D:1      | nightchill the Gnoll Warper began the quest for the Orb.
     0 | D:1      | Reached XP level 1. HP: 20/20 MP: 6/6
   128 | D:1      | Reached XP level 2. HP: 17/26 MP: 7/7
   233 | D:1      | Learned a level 2 spell: Blink
  1001 | D:2      | Reached XP level 3. HP: 31/31 MP: 9/9
  1009 | D:2      | Reached skill level 5 in Spellcasting
  1041 | D:2      | Learned a level 3 spell: Teleport Other
  1362 | D:2      | Reached skill level 1 in Invocations
  1761 | D:2      | Reached skill level 1 in Short Blades
  1761 | D:2      | Reached skill level 1 in Long Blades
  1761 | D:2      | Reached skill level 1 in Axes
  1761 | D:2      | Reached skill level 1 in Polearms
  1761 | D:2      | Reached skill level 1 in Staves
  1761 | D:2      | Reached skill level 1 in Slings
  1761 | D:2      | Reached skill level 1 in Bows
  1761 | D:2      | Reached skill level 1 in Crossbows
  1761 | D:2      | Reached skill level 1 in Stealth
  1761 | D:2      | Reached skill level 1 in Shields
  1761 | D:2      | Reached skill level 1 in Unarmed Combat
  1761 | D:2      | Reached skill level 1 in Evocations
  1786 | D:2      | Found a blossoming altar of Fedhas.
  1858 | D:2      | Learned a level 3 spell: Lesser Beckoning
  2373 | D:3      | Reached XP level 4. HP: 30/38 MP: 11/11
  2676 | D:3      | Found a glowing drain.
  2686 | Sewer    | Entered a sewer
  2742 | Sewer    | Reached skill level 1 in Conjurations
  2742 | Sewer    | Reached skill level 1 in Hexes
  2742 | Sewer    | Reached skill level 1 in Summonings
  2742 | Sewer    | Reached skill level 1 in Necromancy
  2742 | Sewer    | Reached skill level 1 in Transmutations
  2742 | Sewer    | Reached skill level 1 in Fire Magic
  2742 | Sewer    | Reached skill level 1 in Ice Magic
  2742 | Sewer    | Reached skill level 1 in Air Magic
  2742 | Sewer    | Reached skill level 1 in Earth Magic
  2742 | Sewer    | Reached skill level 1 in Poison Magic
  3316 | Sewer    | Noticed a bullfrog
  3328 | Sewer    | Killed a bullfrog
  3329 | Sewer    | Reached XP level 5. HP: 15/43 MP: 5/12
  3546 | Sewer    | Reached XP level 6. HP: 32/50 MP: 13/13
  4049 | D:3      | Found a faded altar of an unknown god.
  4125 | D:3      | Found a snail-covered altar of Cheibriados.
  4130 | D:3      | Became a worshipper of Cheibriados the Contemplative
  4862 | D:4      | Reached skill level 5 in Fighting
  4862 | D:4      | Reached skill level 5 in Maces & Flails
  4862 | D:4      | Reached skill level 5 in Dodging
  5071 | D:4      | Got a warped mace
  5072 | D:4      | Identified the +6 mace of Law {antimagic, rC+ SInv} (You
                  | found it on level 4 of the Dungeon)
  5320 | D:4      | Noticed Robin
  5681 | D:4      | Killed Robin
  5687 | D:4      | Reached XP level 7. HP: 47/56 MP: 15/15
  5831 | D:4      | Reached * piety under Cheibriados
  6184 | D:5      | Entered Level 5 of the Dungeon
  6440 | D:5      | Shot with an arrow by a centaur

Illustrated notes

Levels and vault maps discovered:
D:1:      roderic_crossed_star, layout_basic
D:2:      layout_basic, fedhas_altar_2
D:3:      minmay_diamond_boxcup, layout_basic, cheibrodos_sewer_entry_sluice,
          chequers_ecumenical_altar_grove, nrook_loot_triangle,
          cheibriados_altar_1
D:4:      layout_basic, serial_curves, eino_curves_03, eino_curves_04,
          uniq_robin
D:5:      layout_basic, makhleb_heckhound_becter, temple_doors_e,
          ebering_ghost_inner_flame

Skill      XL: |  1  2  3  4  5  6  7 |
---------------+----------------------+-----
Spellcasting   | 5 |  5.7
Invocations    | 1 2 |  2.9
Short Blades   | 1 2 |  2.6
Long Blades    | 1 2 |  2.6
Axes           | 1 2 |  2.6
Polearms       | 1 2 |  2.6
Staves         | 1 2 |  2.6
Slings         | 1 2 |  2.6
Bows           | 1 2 |  2.6
Crossbows      | 1 2 |  2.6
Stealth        | 1 2 |  2.6
Shields        | 1 2 |  2.6
Unarmed Combat | 1 2 |  2.6
Evocations     | 1 2 |  2.6
Conjurations   | 1 2 |  2.1
Hexes          | 1 2 |  2.1
Summonings     | 1 2 |  2.1
Necromancy     | 1 2 |  2.1
Transmutations | 1 2 |  2.1
Fire Magic     | 1 2 |  2.1
Ice Magic      | 1 2 |  2.1
Air Magic      | 1 2 |  2.1
Earth Magic    | 1 2 |  2.1
Poison Magic   | 1 2 |  2.1
Throwing       | 3 |  3.7
Armour         | 3 |  3.7
Fighting       | 5 |  5.3
Maces & Flails | 5 |  5.3
Dodging        | 5 |  5.3
Translocations | |  5.9

Action                   |  1- 3 |  4- 6 |  7- 9 || total
-------------------------+-------+-------+-------++-------
Melee: Mace              |    26 |       |    23 ||    49
       Short sword       |    58 |   183 |    43 ||   284
       Bite              |     8 |    19 |     9 ||    36
       Punch             |     1 |     1 |     1 ||     3
 Cast: Teleport Other    |     3 |     4 |     4 ||    11
       Lesser Beckoning  |     1 |     1 |       ||     2
  Use: Scroll            |       |     8 |       ||     8
 Stab: Sleeping          |     5 |     2 |       ||     7
Armor: Leather armour    |    12 |    42 |    20 ||    74
Dodge: Dodged            |    48 |   161 |    59 ||   268
